 Dungeon Crawl Stone Soup version bcrawl-1.31.4 (webtiles) character file.

Game seed: 2300253565174938864

435094 Morbidden the Fighter (level 16, -4/141 (144) HPs)
             Began as a Purple Draconian Archaeologist on June 13, 2021.
             Was the Champion of Ru.
             Killed from afar by a shock serpent (7 damage)
             ... with a bolt of electricity
             ... on level 2 of the Snake Pit.
             The game lasted 01:04:18 (31184 turns).

Morbidden the Fighter (DrAc)                       Turns: 31184, Time: 01:04:18

HP:   -4/141 (144)  AC: 21    Str: 21    XL:     16   Next: 33%
MP:   0/15          EV: 15    Int: 16    God:    Ru [******]
Gold: 1959          SH: 19    Dex: 18    Spells: 32/35 levels left

rFire    + + +     SeeInvis .   b - +8 quick blade of the Egg {venom, rPois rF++ MP-9 Dex+2}
rCold    . . .     Gourm    .   z - +0 large shield
rNeg     . . .     Faith    .   (armour unavailable)
rPois    +         Spirit   +   B - +2 hat
rElec    +         Reflect  .   s - scarf {Spirit}
rCorr    .         Harm     .   g - +2 pair of gloves {Dex+3}
MR       +....                  d - +1 pair of boots
Stlth    ++++......             m - amulet of regeneration
HPRegen  0.33/turn              J - ring "Qevaceh" {*Slow rPois rC+ Dex+4}
MPRegen  0.14/turn              X - ring of Tutaan Ypuo {rElec rF+++ AC+5 Str+4 Dex-3}

@: lethally poisoned (-4 -> -4), very slightly contaminated
A: breathe power, unfitting armour, talons 1, dopey 1, low mp 2, strong 1,
cold-blooded, inability to drink while threatened, inability to use devices,
magic vulnerability 1, temperature sensitive, AC +9
a: Breathe Dispelling Energy, Draw Out Power, Power Leap, Apocalypse, Renounce
Religion


You were on level 2 of the Snake Pit.
You worshipped Ru.
Ru was exalted by your worship.
You were very hungry.

You visited 6 branches of the dungeon, and saw 24 of its levels.
You also visited: Ice Cave.

You collected 3283 gold pieces.
You spent 1324 gold pieces at shops.

Inventory:

Hand Weapons
 a - a +6 blowgun
 b - the +8 quick blade of the Egg (weapon) {venom, rPois rF++ MP-9 Dex+2}
   (You bought it in a shop on level 4 of the Dungeon)

   It poisons the flesh of those it strikes.
   It affects your dexterity (+2).
   It greatly protects you from fire.
   It protects you from poison.
   It affects your magic capacity (-9).
 Z - the +8 double sword of Fabbute {pain, rElec rF++ Str+3 Stlth-}
   (You bought it in a shop in the Orcish Mines)

   In the hands of one skilled in necromantic magic, it inflicts extra damage on
   living creatures.
   It affects your strength (+3).
   It greatly protects you from fire.
   It insulates you from electricity.
   It makes you less stealthy.
Missiles
 n - 29 exploding tomahawks
 r - 458 poisoned needles
 u - 156 poisoned tomahawks (quivered)
 v - 49 needles of frenzy {=f}
 A - 38 curare-tipped needles
 U - 3609 arrows
Armour
 d - a +1 pair of boots (worn)
 g - a +2 pair of gloves of dexterity (worn)
 l - a +2 cloak of poison resistance
 s - a scarf of spirit shield (worn)
 z - a +0 large shield (worn)
 B - a +2 hat (worn)
Jewellery
 f - an uncursed ring of protection from cold
 m - an amulet of regeneration (around neck)
 J - the ring "Qevaceh" (left hand) {*Slow rPois rC+ Dex+4}
   (You found it on level 9 of the Dungeon)

   [ring of poison resistance]

   It affects your dexterity (+4).
   It protects you from cold.
   It protects you from poison.
   It may slow you when you take damage.
 M - an uncursed ring of protection from cold
 X - the ring of Tutaan Ypuo (right hand) {rElec rF+++ AC+5 Str+4 Dex-3}
   (You acquired it on level 10 of the Dungeon)

   [ring of protection]

   It affects your AC (+5).
   It affects your strength (+4).
   It affects your dexterity (-3).
   It renders you almost immune to fire.
   It insulates you from electricity.
Scrolls
 i - a scroll of identify
 k - 4 scrolls of fear
 q - 10 scrolls of remove curse
 w - 6 scrolls of enchant weapon
 y - 2 scrolls of amnesia
 C - 2 scrolls of immolation
 H - 2 scrolls of teleportation
 I - a scroll of summoning
 P - 2 scrolls of fog
 R - 2 scrolls of magic mapping
 S - a scroll of blinking
Potions
 o - a potion of degeneration {unknown}
 p - 3 potions of might
 t - a potion of resistance
 x - 2 potions of brilliance
 D - 5 potions of ambrosia
 E - 5 potions of magic
 G - 6 potions of curing
 K - a potion of mutation
 Q - a potion of lignification
 V - 3 potions of agility
 W - 4 potions of flight
 Y - a potion of heal wounds
Comestibles
 e - 41 rations {!d}


   Skills:
 * Level 13.5 Fighting
 * Level 12.1(12.3) Short Blades
 * Level 3.4(8.7) Long Blades
   Level 1.0 Maces & Flails
 + Level 5.1 Throwing
 * Level 12.0 Dodging
 + Level 8.2 Stealth
 * Level 11.6 Shields
 * Level 10.0 Spellcasting
 * Level 7.8 Conjurations
 * Level 8.0 Transmutations


You had 32 spell levels left.
You knew the following spells:

 Your Spells              Type           Power        Failure   Level  Hunger
a - Sticks to Snakes      Tmut           ####....     34%         2    None
b - Magic Dart            Conj           ####         26%         1    None

Your spell library contained the following spells:

 Spells                   Type           Power        Failure   Level  Hunger
 Beastly Appendage        Tmut           ####..       22%         1    None
 Sting                    Conj/Pois      ###.         77%         1    None
 Passwall                 Tmut/Erth      ###.....     88%         2    None
 Conjure Flame            Conj/Fire      ###.....     98%         3    None
 Spider Form              Tmut/Pois      ###          98%         3    None
 Summon Small Mammal      Summ           #...         99%         1    None
 Ignite Poison            Fire/Tmut/Pois ###.....     99%         3    None
 Blade Hands              Tmut           ####......   99%         5    ####...
 Blink                    Tloc           N/A          100%        2    None
 Call Imp                 Summ           #.....       100%        2    None
 Poisonous Vapours        Pois/Air       #.....       100%        2    None
 Call Canine Familiar     Summ           #.......     100%        3    None
 Mephitic Cloud           Conj/Pois/Air  ###.....     100%        3    None
 Ice Form                 Ice/Tmut       ###.....     100%        4    #......
 Olgreb's Toxic Radiance  Pois           #........    100%        4    #......
 Summon Ice Beast         Ice/Summ       #.......     100%        4    #......
 Summon Scorpions         Summ/Pois      #.......     100%        4    #......
 Metabolic Englaciation   Hex/Ice        #.........   100%        5    ####...
 Summon Lightning Spire   Summ/Air       #.......     100%        5    ####...
 Venom Bolt               Conj/Pois      ###.......   100%        5    ####...
 Bolt of Cold             Conj/Ice       ###.......   100%        6    #####..
 Freezing Cloud           Ice/Air        #.........   100%        6    #####..
 Ozocubu's Refrigeration  Ice            #.........   100%        6    #####..
 Simulacrum               Ice/Necr       #.........   100%        6    #####..


Dungeon Overview and Level Annotations

Branches:
Dungeon (12/12)            Temple (1/1) D:7            Lair (6/6) D:8
  Swamp (0/3) Lair:2        Snake (3/3) Lair:2        Slime (0/5) Lair:5
    Orc (1/1) D:10            Elf (0/3) Orc          Vaults (0/3) D:11
 Depths (1/5) D:12

Altars:
Ashenzari
Cheibriados
Dithmenos
Elyvilon
Fedhas
Gozag
Hepliaklqana
Kikubaaqudgha
Lugonu
Makhleb
Nemelex Xobeh
Okawaru
Qazlal
Ru
Sif Muna
Trog
Uskayaw
Vehumet
Wu Jian
Xom
Yredelemnul
Zin
The Shining One
Beogh
Jiyva

Shops:
D:4 *   D:5 !   D:8 ?   D:11 *   D:12 (   Orc (:([*

Annotations:
D:2 1 runed door
D:3 exclusion: oklob plant
Lair:1 3 runed translucent doors, Morbidden's ghost, journeyman DjFi; Winsalot's ghost, journeyman OnSk; yrara's ghost, journeyman DsFi; yrara's ghost, novice DsFi
Lair:2 1 runed translucent door, exclusions: electric eel and 6 more exclusions, yrara's ghost, journeyman DsFi
Lair:6 exclusion: oklob plant
Depths:1 Saint Roka


Innate Abilities, Weirdness & Mutations

You can breathe bolts of dispelling energy.
Your rich purple scales are hard. (AC +9)
You cannot fit into any form of body armour.
You are cold-blooded and may be slowed by cold attacks.
You cannot drink potions while threatened.
You cannot study or use magical devices.
You are slightly vulnerable to magic. (MR-)
You are sensitive to extremes of temperature. (rF-, rC-)
You have sharp toenails.
You are dopey. (Int -2)
Your magical capacity is very low. (-20% MP)
Your muscles are strong. (Str +2)


Message History

Unknown command.
Unknown command.
You puncture the anaconda!
The anaconda is poisoned.
The anaconda is heavily wounded.
The shock serpent begins to attack, but is stunned by your will!
You block the anaconda's attack. The anaconda misses you.
You feel sick. The anaconda grabs you. You block the anaconda's attack.
* * * LOW HITPOINT WARNING * * *
The anaconda constricts you. You block the shock serpent's attack.
The anaconda bites you!
* * * LOW HITPOINT WARNING * * *
The anaconda constricts you.
Unknown command.
Unknown command.
You escape the anaconda's grasp.
The shock serpent shoots out a bolt of lightning at you!
You resist. The bolt of electricity hits you.
* * * LOW HITPOINT WARNING * * *
You resist. The bolt of electricity hits you!
You die...

.# ##.##.........#### #.........#
####..#..........##.###..........
##..#............##..##..........
#.###............#...............
.## #...)...............######[..
#####...†.......#.......# ##..
##.#........#####.......## ###..
......####.######........####.)..
......#####...>#@...........####.
......##.......SS#.........## #.
......##.........#.........# ##
#......#.............#.....# #
##.....##.........####.....# #
#.....##........#.###.....# ###
##.######........#..##.....####..
...## #........##.##......#....
....## ##........#..#..##.....^.


You could see an anaconda and a shock serpent.

Vanquished Creatures
  Nikola (Snake:1)
  2 nagarajas
  An orc warlord (Orc)
  2 dire elephants (Lair:6)
  Urug (Orc)
  Harold (D:8)
  6 naga warriors
  6 hydras
  2 ice dragons (IceCv)
  A rakshasa (Snake:2)
  3 centaur warriors
  5 death yaks
  4 anacondas
  2 two-headed ogres
  2 tengu warriors (D:11)
  3 naga sharpshooters
  An orc high priest (Orc)
  7 shock serpents
  A titan zombie (D:12)
  A spectral death yak (Lair:6)
  2 salamander mystics (Snake:1)
  2 skeletal warriors
  A flayed ghost (D:12)
  A spectral anaconda (Lair:6)
  An unseen horror (D:10)
  2 naga ritualists
  Pikel (D:5)
  A cyclops (D:12)
  An obsidian statue (Lair:6)
  6 orc knights
  5 mana vipers
  A fire giant zombie (D:12)
  A frost giant zombie (D:12)
  5 necromancers
  5 deep elf magi
  6 orc sorcerers (Orc)
  An ugly thing (D:11)
  9 salamanders
  20 elephants (Lair:6)
  2 ice statues (IceCv)
  20 black mambas
  10 naga magi
  5 guardian serpents
  12 cane toads
  4 gargoyles (D:10)
  6 trolls
  4 kobold demonologists
  4 rime drakes
  6 komodo dragons
  A redback zombie (D:9)
  An efreet (D:12)
  A spriggan skeleton (D:12)
  A guardian mummy (D:12)
  Maurice (D:9)
  A tengu conjurer (D:11)
  3 polar bears
  A slime creature (D:10)
  13 blink frogs
  4 hippogriffs
  A meliai zombie (D:10)
  4 dream sheep (Lair:6)
  2 spectral elephants (Lair:6)
  A vampire (D:9)
  A wraith (D:12)
  2 wyverns
  A dire elephant simulacrum (Lair:6)
  29 yaks
  3 basilisks
  A hungry ghost (D:10)
  Menkaure (D:6)
  12 wargs
  24 nagas
  A death yak simulacrum (Lair:6)
  2 acid dragons
  3 spectral cane toads (Lair:6)
  2 crocodiles
  6 water moccasins
  A floating eye (shapeshifter) (D:9)
  5 porcupines
  24 orc warriors
  A black bear (Lair:5)
  19 ice beasts
  4 sky beasts
  2 phantoms
  A necrophage (D:8)
  4 wolves (Orc)
  9 centaurs
  3 elephant zombies (Lair:6)
  An elephant skeleton (Lair:6)
  12 ogres
  15 bullfrogs
  A gnoll sergeant (D:9)
  4 big kobolds
  A scorpion (D:9)
  A wyvern skeleton (D:8)
  9 wights
  An elephant simulacrum (Lair:6)
  5 killer bees
  3 electric eels
  2 howler monkeys
  A lava snake (Lair:1)
  6 crimson imps
  A bullfrog zombie (D:6)
  2 centaur zombies
  23 orc priests
  3 bullfrog skeletons
  11 centaur skeletons
  7 hounds
  9 jellies
  23 orc wizards
  Jessica (D:2)
  5 iguanas
  7 worker ants
  3 hound skeletons
  Robin (D:1)
  6 gnolls
  A howler monkey skeleton (D:8)
  4 adders
  6 shadow imps
  5 oozes (D:8)
  An adder zombie (D:8)
  4 adder skeletons
  2 worms
  6 dart slugs
  3 leopard geckos
  47 orcs
  5 bats
  5 giant cockroaches
  14 goblins
  13 hobgoblins
  5 jackals
  5 quokkas
  A ball python (D:2)
  A frilled lizard (D:4)
  8 kobolds
  5 rats
  6 withered plants (D:12)
703 creatures vanquished.

Vanquished Creatures (collateral kills)
  Joseph (D:8)
  A hippogriff (D:6)
  A slave (D:5)
3 creatures vanquished.

Vanquished Creatures (others)
  Asterion (Snake:3)
  A rakshasa (Snake:2)
  An anaconda (Snake:3)
  A deep elf archer (D:11)
  A black mamba (Snake:3)
  A cane toad (Lair:5)
  A centaur skeleton (D:6)
  A dream sheep (Lair:6)
  A water moccasin (Lair:2)
  3 slaves (D:6)
  An orc priest (D:6)
  An orc wizard (Orc)
  A worker ant (D:6)
  3 orcs
  3 fungi
  5 toadstools (D:10)
  12 withered plants
38 creatures vanquished.

Grand Total: 744 creatures vanquished

Notes
Turn   | Place    | Note
-------+----------+-------------------------------------------
     0 | D:1      | Morbidden the Draconian Archaeologist began the quest for
                  | the Orb.
     0 | D:1      | Reached XP level 1. HP: 16/16 MP: 1/1
   396 | D:1      | Reached XP level 2. HP: 23/23 MP: 2/2
  1081 | D:2      | Noticed Robin
  1116 | D:1      | Killed Robin
  1117 | D:1      | Reached XP level 3. HP: 16/28 MP: 3/3
  1798 | D:2      | Reached XP level 4. HP: 28/36 MP: 4/4
  1814 | D:2      | Noticed Jessica
  1920 | D:2      | Killed Jessica
  1921 | D:2      | Reached skill level 2 in Fighting
  1921 | D:2      | Reached skill level 1 in Short Blades
  1985 | D:2      | Found a runed door.
  2108 | D:2      | Reached XP level 5. HP: 37/41 MP: 5/5
  2108 | D:2      | Identified a scroll of acquirement
  2108 | D:2      | Identified the ring of the Albatross {+Fly rElec MR+ Str-4}
                  | (You acquired it on level 2 of the Dungeon)
  2316 | D:2      | Found an ancient bone altar of Kikubaaqudgha.
  2882 | D:3      | Found a blossoming altar of Fedhas.
  2901 | D:3      | Noticed an oklob plant
  3223 | D:4      | Noticed a centaur
  3246 | D:4      | Killed a centaur
  3247 | D:4      | Reached XP level 6. HP: 15/50 MP: 6/6
  3509 | D:4      | Found Nuepiwn's General Store.
  3519 | D:4      | Noticed an orc warrior
  3558 | D:4      | Killed an orc warrior
  3559 | D:4      | Reached skill level 3 in Fighting
  3559 | D:4      | Reached skill level 1 in Shields
  3755 | D:4      | Your scales start taking on a rich purple colour.
  3755 | D:4      | Reached XP level 7. HP: 57/57 MP: 7/7
  3930 | D:4      | Reached skill level 1 in Throwing
  3930 | D:4      | Reached skill level 5 in Dodging
  3964 | D:4      | Found an opulent altar of Gozag.
  4671 | D:5      | Entered Level 5 of the Dungeon
  4960 | D:5      | HP: 2/57 [ogre/+0 giant spiked club (17)]
  4967 | D:5      | Reached XP level 8. HP: 33/66 MP: 7/9
  5050 | D:5      | Noticed a troll
  5195 | D:6      | Noticed Menkaure
  5197 | D:6      | Noticed a hippogriff
  5230 | D:6      | Reached skill level 1 in Spellcasting
  5254 | D:6      | Noticed Pikel
  5515 | D:5      | Killed Pikel
  5516 | D:5      | Reached skill level 4 in Fighting
  5516 | D:5      | Reached skill level 5 in Short Blades
  5516 | D:5      | Reached skill level 5 in Stealth
  5565 | D:6      | Found an iron altar of Okawaru.
  5595 | D:6      | Reached skill level 5 in Fighting
  5683 | D:6      | Gained mutation: Your muscles are strong. (Str +2) [potion
                  | of mutation]
  5683 | D:6      | Gained mutation: Your magical capacity is low. (-10% MP)
                  | [potion of mutation]
  5683 | D:6      | Gained mutation: You have sharp toenails. [potion of
                  | mutation]
  5695 | D:6      | HP: 5/102 [bullfrog (7)]
  5700 | D:6      | Reached XP level 9. HP: 6/74 MP: 11/11
  5979 | D:6      | Found a hazy altar of Hepliaklqana.
  5979 | D:6      | Found a burning altar of Makhleb.
  6112 | D:6      | Killed Menkaure
  6164 | D:5      | Reached skill level 6 in Fighting
  6296 | D:5      | Found Ulirr's Distillery.
  7001 | D:7      | Found a sacrificial altar of Ru.
  7395 | D:7      | Found a staircase to the Ecumenical Temple.
  7490 | Temple   | Entered the Ecumenical Temple
  7694 | Temple   | Became a worshipper of Ru the Awakened
  7923 | D:8      | Noticed a troll
  7995 | D:8      | Noticed Joseph
  8012 | D:8      | Reached skill level 7 in Fighting
  8178 | D:8      | Noticed a two-headed ogre
  8192 | D:8      | Killed a two-headed ogre
  8193 | D:8      | Reached XP level 10. HP: 86/86 MP: 14/14
  8205 | D:8      | Killed Joseph
  8602 | D:8      | Found a staircase to the Lair.
  8734 | D:7      | Found a sacrificial altar of Ru.
  9146 | D:7      | Found a staircase to the Ecumenical Temple.
  9279 | D:8      | Noticed Harold
  9310 | D:8      | Killed Harold
  9311 | D:8      | Reached skill level 8 in Fighting
  9979 | D:8      | Reached skill level 5 in Spellcasting
 10113 | D:8      | Found Yrphul's Magic Scroll Shoppe.
 10120 | D:8      | Learned a level 1 spell: Beastly Appendage
 10412 | D:9      | Reached skill level 5 in Shields
 10642 | D:9      | Gained mutation: You cannot drink potions while threatened.
                  | [Ru sacrifice]
 10642 | D:9      | Reached * piety under Ru
 10693 | D:9      | Reached skill level 1 in Transmutations
 10793 | D:9      | Got a transparent pewter ring
 10794 | D:9      | Identified the ring "Qevaceh" {*Slow rPois rC+ Dex+4} (You
                  | found it on level 9 of the Dungeon)
 10949 | D:9      | Noticed Maurice
 10990 | D:9      | Killed Maurice
 10991 | D:9      | Reached XP level 11. HP: 62/94 MP: 17/17
 11193 | D:9      | Found a shattered altar of Ashenzari.
 11693 | D:10     | Entered Level 10 of the Dungeon
 11867 | D:10     | Reached skill level 9 in Fighting
 11944 | D:10     | Learned a level 1 spell: Magic Dart
 11983 | D:11     | Noticed a green ugly thing
 12260 | D:10     | Learned a level 2 spell: Sticks to Snakes
 12412 | D:9      | Found a basalt altar of Yredelemnul.
 12652 | Lair:1   | Entered Level 1 of the Lair of Beasts
 12697 | Lair:1   | Reached skill level 1 in Conjurations
 13117 | Lair:1   | HP: 4/96 [poisoned by a cane toad]
 13156 | Lair:1   | Noticed a six-headed hydra
 13926 | Lair:1   | Killed a six-headed hydra
 14063 | Lair:1   | Found a runed translucent gate.
 14063 | Lair:1   | Found a runed translucent gate.
 14063 | Lair:1   | Found a runed translucent gate.
 14064 | Lair:1   | Noticed Morbidden's ghost (journeyman DjFi)
 14064 | Lair:1   | Noticed Winsalot's ghost (journeyman OnSk)
 14064 | Lair:1   | Noticed yrara's ghost (novice DsFi)
 14065 | Lair:1   | Noticed yrara's ghost (journeyman DsFi)
 14462 | Lair:2   | Found a staircase to the Swamp.
 14566 | Lair:2   | Found a staircase to the Snake Pit.
 14782 | Lair:2   | Reached XP level 12. HP: 78/105 MP: 16/19
 15178 | Lair:2   | Found a runed translucent door.
 15693 | Lair:2   | Noticed yrara's ghost (journeyman DsFi)
 16218 | D:4      | Bought the +8 quick blade of the Egg {venom, rPois rF++
                  | MP-9 Dex+2} for 864 gold pieces
 17392 | Lair:4   | Found a frozen archway.
 17401 | IceCv    | Entered an ice cave
 17479 | IceCv    | Reached skill level 10 in Fighting
 18035 | IceCv    | Noticed an ice dragon
 18036 | IceCv    | Noticed an ice dragon
 18063 | IceCv    | Killed an ice dragon
 18086 | IceCv    | Killed an ice dragon
 18103 | IceCv    | Got a sparkling ivory ring
 18216 | IceCv    | Identified the ring of Darkness {Ice Str+2} (You found it
                  | in an ice cave)
 18305 | Lair:4   | Noticed a six-headed hydra
 18315 | Lair:4   | Killed a six-headed hydra
 18911 | Lair:5   | Noticed a five-headed hydra
 18923 | Lair:5   | Killed a five-headed hydra
 19056 | Lair:5   | Reached XP level 13. HP: 114/114 MP: 12/21
 19092 | Lair:5   | Found a staircase to the Slime Pits.
 19092 | Lair:5   | Found a viscous altar of Jiyva.
 19225 | Lair:5   | Gained mutation: You are slightly vulnerable to magic.
                  | (MR-) [Ru sacrifice]
 19225 | Lair:5   | Reached ** piety under Ru
 20709 | D:10     | Reached skill level 5 in Transmutations
 20851 | D:10     | Reached skill level 10 in Dodging
 21057 | D:10     | Found a staircase to the Orcish Mines.
 21066 | D:10     | Reached skill level 10 in Short Blades
 21151 | D:10     | Reached skill level 5 in Throwing
 21184 | D:10     | Reached skill level 11 in Fighting
 21188 | D:10     | Identified the ring of Tutaan Ypuo {rElec rF+++ AC+5 Str+4
                  | Dex-3} (You acquired it on level 10 of the Dungeon)
 21310 | D:9      | Found a corrupted altar of Lugonu.
 21972 | Lair:6   | Entered Level 6 of the Lair of Beasts
 22304 | Lair:6   | Reached skill level 5 in Conjurations
 22376 | Lair:6   | Noticed a dire elephant
 22381 | Lair:6   | Gained mutation: You are sensitive to extremes of
                  | temperature. (rF-, rC-) [Ru sacrifice]
 22381 | Lair:6   | Reached *** piety under Ru
 22381 | Lair:6   | Reached **** piety under Ru
 22381 | Lair:6   | Reached ***** piety under Ru
 22863 | Lair:6   | Noticed a dire elephant
 22923 | Lair:6   | Reached XP level 14. HP: 122/124 MP: 14/23
 23770 | Lair:6   | Got a translucent ivory ring
 23771 | Lair:6   | Identified the ring "Qinluy" {rF+ rC- rN+ Str+4} (You found
                  | it on level 6 of the Lair of Beasts)
 23904 | Lair:6   | Reached skill level 12 in Fighting
 24691 | D:11     | Found Voajuwn's General Store.
 25018 | D:11     | Found a gate to the Vaults.
 25134 | D:11     | Identified the cursed +0 long sword of Governance {slice,
                  | *Drain rPois rF+ Dex+4} (You found it on level 11 of the
                  | Dungeon)
 25312 | D:12     | Entered Level 12 of the Dungeon
 25552 | D:12     | Found Tiliaf's Antique Weapon Shop.
 25653 | D:12     | Found a staircase to the Depths.
 25902 | D:12     | Reached XP level 15. HP: 131/131 MP: 16/25
 26290 | Depths:1 | Entered Level 1 of the Depths
 26290 | Depths:1 | Noticed Saint Roka
 26394 | Orc      | Entered the Orcish Mines
 26428 | Orc      | Paralysed by an orc sorcerer for 2 turns
 26537 | Orc      | Found a bloodstained altar of Trog.
 26676 | Orc      | Noticed Urug
 26687 | Orc      | Noticed an orc warlord
 26694 | Orc      | Killed Urug
 26695 | Orc      | Reached skill level 10 in Shields
 26695 | Orc      | Found a roughly hewn altar of Beogh.
 27065 | Orc      | Found Rouzos's Book Emporium.
 27072 | Orc      | Found a staircase to the Elven Halls.
 27099 | Orc      | Found Kaafaitt's Antique Armour Emporium.
 27142 | Orc      | Found Ywahuceu's General Store.
 27147 | Orc      | Found Naunleze's Antique Weapon Emporium.
 27219 | Orc      | Bought a translucent double sword for 460 gold pieces
 27221 | Orc      | Identified the +8 double sword of Fabbute {pain, rElec rF++
                  | Str+3 Stlth-} (You bought it in a shop in the Orcish Mines)
 27457 | Orc      | Killed an orc warlord
 27575 | Orc      | Found Mematawe's Weapon Boutique.
 27843 | Snake:1  | Entered Level 1 of the Snake Pit
 27875 | Snake:1  | Reached skill level 13 in Fighting
 28034 | Snake:1  | Reached skill level 1 in Long Blades
 28334 | Snake:1  | Noticed Nikola
 28378 | Snake:1  | Killed Nikola
 29344 | Snake:1  | Noticed a nagaraja
 29363 | Snake:1  | Killed a nagaraja
 29933 | Snake:2  | Reached XP level 16. HP: 127/141 MP: 13/26
 30427 | Snake:2  | Gained mutation: You cannot study or use magical devices.
                  | [Ru sacrifice]
 30427 | Snake:2  | Reached ****** piety under Ru
 31060 | Snake:3  | Entered Level 3 of the Snake Pit
 31120 | Snake:3  | Noticed Asterion
 31129 | Snake:3  | Gained mutation: Your magical capacity is very low. (-20%
                  | MP) [a cacodemon]
 31131 | Snake:3  | Reached skill level 10 in Spellcasting
 31132 | Snake:3  | Gained mutation: You are dopey. (Int -2) [a cacodemon]
 31133 | Snake:3  | Killed Asterion
 31183 | Snake:2  | HP: 7/141 [anaconda (6)]
 31184 | Snake:2  | HP: 3/141 [shock serpent/bolt of electricity (4)]
 31184 | Snake:2  | Killed from afar by a shock serpent

Skill      XL: |  1  2  3  4  5  6  7  8  9 10 11 12 13 14 15 16 |
---------------+-------------------------------------------------+-----
Dodging        | 3 4 5 6 7 8 9 10 11 12 | 12.0
Fighting       | 2 3 5 7 8 9 10 11 12 13 | 13.5
Short Blades   | 1 2 3 4 5 6 7 8 9 10 11 12 | 12.1
Stealth        | 4 5 6 7 8 |  8.2
Shields        | 1 2 3 4 5 6 8 9 11 | 11.6
Throwing       | 1 2 3 4 5 |  5.1
Spellcasting   | 2 4 5 6 7 8 9 10 | 10.0
Transmutations | 1 3 4 5 6 7 8 |  8.0
Conjurations   | 3 4 5 6 7 |  7.8
Long Blades    | 2 3 |  3.4
Maces & Flails | |  1.0

Action                   |  1- 3 |  4- 6 |  7- 9 | 10-12 | 13-15 | 16-18 || total
-------------------------+-------+-------+-------+-------+-------+-------++-------
Melee: Dagger            |   124 |   152 |   436 |   791 |       |       ||  1503
       Whip              |     1 |       |       |       |       |       ||     1
       Tailslap          |     7 |    18 |    51 |   246 |   544 |    44 ||   910
       Quick blade       |       |       |       |   334 |  2210 |   196 ||  2740
 Fire: Blowgun           |       |       |    37 |    44 |       |       ||    81
Throw: Tomahawk          |       |    16 |    12 |    88 |    24 |       ||   140
       Javelin           |       |     7 |    11 |    56 |       |       ||    74
 Cast: Sticks to Snakes  |       |       |       |       |     5 |       ||     5
Invok: Sacrifice Drink   |       |       |       |     1 |       |       ||     1
       Reject Sacrifices |       |       |       |     1 |     1 |       ||     2
       Sacrifice Essence |       |       |       |       |     1 |       ||     1
       Sacrifice Resista |       |       |       |       |     1 |       ||     1
       Power Leap        |       |       |       |       |     5 |       ||     5
       Draw Out Power    |       |       |       |       |     5 |     1 ||     6
       Apocalypse        |       |       |       |       |     3 |     1 ||     4
       Sacrifice Artific |       |       |       |       |       |     1 ||     1
 Abil: Breathe Dispellin |       |       |     8 |    30 |     3 |       ||    41
Evoke: Lightning rod     |       |       |       |     4 |       |       ||     4
  Use: Potion            |       |     2 |     7 |     8 |       |       ||    17
       Scroll            |       |     1 |     2 |    21 |    11 |     1 ||    36
 Stab: Sleeping          |     9 |     5 |    12 |    24 |    25 |     3 ||    78
       Distracted        |       |       |       |     3 |    13 |       ||    16
       Paralysed         |       |       |       |       |     4 |     1 ||     5
       Invisible         |       |       |       |       |    14 |       ||    14
  Eat: Chunk             |     6 |    10 |    17 |    42 |    53 |     1 ||   129
       Ration            |       |       |     2 |     5 |     1 |     1 ||     9
Armor: Skin              |    35 |    37 |   118 |   195 |   274 |    37 ||   696
Dodge: Dodged            |    59 |   117 |   264 |   507 |   610 |    67 ||  1624
Block: Buckler           |       |       |       |   148 |   308 |       ||   456
       Large shield      |       |       |       |   119 |   125 |   174 ||   418
       Reflection        |       |       |       |     1 |       |       ||     1
